 Dungeon Crawl Stone Soup version 0.21.1-1-g345015fe64 (webtiles) character file.

105 Lennu the Insei (level 4, 0/35 HPs)
             Began as a Draconian Transmuter on May 25, 2018.
             Was an Initiate of Qazlal.
             Slain by Lennu's ghost (1 damage)
             ... on level 3 of the Dungeon.
             The game lasted 00:07:37 (2961 turns).

Lennu the Insei (Draconian Transmuter)              Turns: 2961, Time: 00:07:37

Health: 0/35       AC:  5    Str:  9 (12) XL:     4   Next: 54%
Magic:  7/7        EV: 12    Int: 13 (14) God:    Qazlal [......]
Gold:   136        SH:  0    Dex: 11 (12) Spells: 7/8 levels left

rFire    . . .     SeeInvis .     - Unarmed
rCold    . . .     Gourm    .   (no shield)
rNeg     . . .     Faith    .   (armour unavailable)
rPois    .         Spirit   .   (helmet restricted)
rElec    .         Reflect  .   (no cloak)
rCorr    +         Harm     .   (no gloves)
MR       .....                  (boots currently unavailable)
Stlth    +.........             (no amulet)
HPRegen  0.11/turn              e - ring of resist corrosion
MPRegen  0.10/turn              (no ring)

@: appendage (expiring)
A: unfitting armour, talons 3, cold-blooded, AC +5
a: End Transformation, Renounce Religion


You were on level 3 of the Dungeon.
You worshipped Qazlal.
Qazlal was noncommittal.
You were hungry.
You had grown temporary talons.
You visited 1 branch of the dungeon, and saw 3 of its levels.

You collected 136 gold pieces.

Inventory:

Missiles
 a - 106 arrows
Jewellery
 e - a ring of resist corrosion (left hand)
Scrolls
 f - a scroll of teleportation
 o - 2 scrolls of identify
 p - a scroll of immolation {unknown}
Books
 b - a book of Changes

   Spells                             Type                      Level
   a - Beastly Appendage              Transmutation                1
   b - Sticks to Snakes               Transmutation                2
   c - Spider Form                    Transmutation/Poison         3
   d - Ice Form                       Ice/Transmutation            4
   e - Blade Hands                    Transmutation                5
Comestibles
 c - 6 rations
 d - 3 chunks of flesh


   Skills:
 * Level 1.6 Fighting
 * Level 2.2 Dodging
 * Level 4.1 Unarmed Combat
 * Level 2.6 Spellcasting
 * Level 2.6 Transmutations


You had 7 spell levels left.
You knew the following spells:

 Your Spells              Type           Power        Failure   Level  Hunger
a - Beastly Appendage     Tmut           #.....       9%          1    #......


Dungeon Overview and Level Annotations

Branches:
Dungeon (3/15)

Altars:
Ashenzari
Fedhas
Qazlal
Xom

Annotations:
D:3 Lennu's ghost, amateur DsCK


Innate Abilities, Weirdness & Mutations

Your plain brown scales are hard. (AC +5)
You cannot fit into any form of body armour.
You are cold-blooded and may be slowed by cold attacks.
You have claws for feet.


Message History

Lennu's ghost barely misses you.
You closely miss Lennu's ghost. Your kick misses Lennu's ghost.
Lennu's ghost is almost destroyed.
Your transformation is almost over.
Lennu's ghost hits you.
* * * LOW HITPOINT WARNING * * *
You barely miss Lennu's ghost. Your kick misses Lennu's ghost.
Your tail-slap misses Lennu's ghost.
Lennu's ghost is almost destroyed.
Lennu's ghost barely misses you.
You hit Lennu's ghost but do no damage. Your kick misses Lennu's ghost.
Lennu's ghost is almost destroyed.
You hit Lennu's ghost but do no damage.
Lennu's ghost is almost destroyed.
Lennu's ghost hits you.
* * * LOW HITPOINT WARNING * * *
You barely miss Lennu's ghost.
Lennu's ghost is almost destroyed.
Lennu's ghost hits you.
You die...

# #.# #.#
######..## # #.#
#.# #........# #
#.#
#.#####......>(#
# #.#
#.##...........#
# #.#
#.##.##........#
# #.#
###.####'######
####.# .####
#§...§#...#
.....#
......#.....#...#
######
......W@._......#
.#....#.....#...#
#.##.#§...§#####
# ###.### ..# .##
. #.


You could see Lennu's ghost.

Vanquished Creatures
  A worker ant (D:3)
  2 adders (D:2)
  2 worms (D:2)
  2 dart slugs
  A leopard gecko (D:1)
  A ball python (D:1)
  3 giant cockroaches
  5 goblins
  4 hobgoblins
  4 jackals (D:1)
  11 kobolds
  A quokka (D:2)
  5 bats
  3 frilled lizards
  8 rats
  A bush (D:2)
54 creatures vanquished.

Notes
Turn   | Place    | Note
-------+----------+-------------------------------------------
     0 | D:1      | Lennu the Draconian Transmuter began the quest for the Orb.
     0 | D:1      | Reached XP level 1. HP: 16/16 MP: 3/3
    69 | D:1      | Reached XP level 2. HP: 20/23 MP: 5/5
   260 | D:1      | Found a shimmering altar of Xom.
   471 | D:1      | Reached XP level 3. HP: 28/28 MP: 4/6
   770 | D:2      | Found a blossoming altar of Fedhas.
  1492 | D:2      | Reached skill level 4 in Unarmed Combat
  1492 | D:2      | Reached XP level 4. HP: 5/35 MP: 5/7
  1501 | D:2      | HP: 2/52 [poisoned by an adder]
  1509 | D:2      | HP: 1/52 [poisoned by an adder]
  2834 | D:3      | Found a shattered altar of Ashenzari.
  2917 | D:3      | Found a stormy altar of Qazlal.
  2924 | D:3      | Became a worshipper of Qazlal Stormbringer
  2925 | D:3      | Noticed Lennu's ghost (amateur DsCK)
  2960 | D:3      | HP: 1/35 [Lennu's ghost (1)]
  2961 | D:3      | Slain by Lennu's ghost

Skill      XL: |  1  2  3 |
---------------+----------+-----
Dodging        | 2 |  2.2
Unarmed Combat | 4 |  4.1
Fighting       | |  1.6
Spellcasting   | |  2.6
Transmutations | |  2.6

Action                   |  1- 3 |  4- 6 || total
-------------------------+-------+-------++-------
Melee: Unarmed           |   155 |   293 ||   448
       Tailslap          |    10 |    52 ||    62
       Kick              |     9 |     2 ||    11
       Headbutt          |     7 |     8 ||    15
       Punch             |     3 |     4 ||     7
 Cast: Beastly Appendage |    24 |     7 ||    31
  Use: Potion            |     3 |     4 ||     7
       Scroll            |       |     8 ||     8
 Stab: Sleeping          |     1 |       ||     1
  Eat: Chunk             |     2 |     2 ||     4
       Ration            |       |     1 ||     1
Armor: Skin              |    42 |    15 ||    57
Dodge: Dodged            |    88 |    40 ||   128
